 Dungeon Crawl Stone Soup version 0.29-a0-284-gf9362112df (webtiles) character file.

Game seed: 11277485375860172433

114 siradein the Bolt Thrower (level 4, 0/28 HPs)
             Began as a Gargoyle Hunter on Mar 15, 2022.
             Slain by a gnoll
             ... wielding a +0 flail
              (3 damage)
             ... on level 2 of the Dungeon.
             The game lasted 00:05:40 (1915 turns).

siradein the Bolt Thrower (Gargoyle Hunter)         Turns: 1915, Time: 00:05:41

Health: 0/28       AC:  9    Str: 14    XL:     4   Next: 98%
Magic:  4/4        EV: 12    Int: 10    God:
Gold:   128        SH:  0    Dex: 15    Spells: 3/3 levels left

rFire   . . .      SeeInvis .   a - +1 hand crossbow
rCold   . . .      Faith    .   (no shield)
rNeg    + . .      Spirit   .   b - +0 leather armour
rPois   ∞          Reflect  .   (no helmet)
rElec   +          Harm     .   g - scarf {repulsion}
rCorr   .          Rampage  .   (no gloves)
Will    .....                   e - +2 pair of boots
Stlth   ++........              (no amulet)
HPRegen 0.09/turn               (no ring)
MPRegen 0.09/turn               (no ring)

@: hasted, repel missiles, very quick
A: sickness immunity, AC +3, negative energy resistance 1, electricity
resistance, torment resistance 1, petrification resistance
a: no special abilities


You were on level 2 of the Dungeon.
You visited 1 branch of the dungeon, and saw 3 of its levels.

You collected 128 gold pieces.

Inventory:

Hand Weapons
 a - a +1 hand crossbow (weapon)
Armour
 b - a +0 leather armour (worn)
 e - a +2 pair of boots (worn)
 g - a scarf of repulsion (worn)
Jewellery
 m - a +6 ring of dexterity
Scrolls
 c - a scroll of immolation
 d - a scroll of noise {unknown}
 h - a scroll of teleportation {unknown}
 i - 2 scrolls of identify {unknown}
 k - 3 scrolls of vulnerability {unknown}
 n - a scroll of enchant armour {unknown}
Potions
 j - a potion of brilliance {unknown}
 l - a potion of heal wounds {unknown}


   Skills:
 + Level 3.5 Fighting
 + Level 4.7 Crossbows
 + Level 0.9 Armour
 + Level 2.5 Dodging
 - Level 1.1 Stealth


You had 3 spell levels left.
You didn't know any spells.
Your spell library was empty.

Dungeon Overview and Level Annotations

Branches:
Dungeon (3/15)

Altars:


Innate Abilities, Weirdness & Mutations

You are immune to sickness and miasma.
Your stone body is resilient. (AC +3)
You are immune to poison.
You resist negative energy. (rN+)
You are resistant to electric shocks. (rElec)
You are resistant to unholy torment.
You are immune to petrification.


Message History

n - a scroll labelled ILOUWNYDEH A gnoll comes into view.
It is wielding a +0 halberd.
The gnoll shouts!
You shoot a bolt. The bolt closely misses the gnoll.
A gnoll comes into view. It is wielding a +0 club.
A gnoll comes into view. It is wielding a +0 flail.
You shoot a bolt. The gnoll shouts! x2
The bolt hits the gnoll!
The gnoll is severely wounded.
You shoot a bolt. The bolt hits the gnoll.
The gnoll is almost dead.
You shoot a bolt.
The bolt hits the gnoll but does no damage.
The gnoll is almost dead.
A goblin comes into view. It is wielding a +0 dagger.
The gnoll hits you from afar with a +0 halberd!
You shoot a bolt.
The bolt hits the gnoll but does no damage.
The gnoll is almost dead.
The gnoll closely misses you. The gnoll completely misses you.
There is a stone staircase leading up here.
The gnoll hits you with a +0 halberd.
There is a stone staircase leading up here.
The gnoll hits you with a +0 halberd.
You climb upwards.
There is a stone staircase leading down here.
Shoot: a) +1 hand crossbow
Press: ? - help, Q - select action Shift-Dir - straight line, f - gnoll
Aim: a gnoll, wielding a +0 halberd (almost dead, 68% to hit)
You shoot a bolt. The bolt hits the gnoll.
You kill the gnoll!
The gnoll hits you with a +0 flail.
Things that are here:
a +0 halberd; a gnoll corpse The gnoll attacks as you move away!
The gnoll hits you with a +0 flail.
* * * LOW HITPOINT WARNING * * *
It was a potion of haste.
You feel yourself speed up. The gnoll hits you with a +0 flail.
You die...

#.#
######.####.#
#.....# ..#
#.# #.#
###.### ###
#.# #.# #.#
.# #.# #.#
#.# .# #.#
#.# ##.## .#
#.####.#
##...## .#
#......#
#.....# .#
#.######
#...... .#
#.@g)>.#
#.....# .####
#.####.#
##...## ....#
#.# #.# #####
###.# #.# #.#
#######
###.## #.#
#.# #......
##...## #.#
#.# #.#####
......####
#.# #.# #.#
.........#
#.# #.# #.#
(.....##.#
#.# #)# #.#


You could see a gnoll.

Vanquished Creatures
  3 gnolls
  4 adders (D:2)
  2 dart slugs
  An orc (D:3)
  5 endoplasms
  2 giant cockroaches
  4 goblins
  5 hobgoblins
  A quokka (D:2)
  A ball python (D:1)
  4 bats (D:2)
  2 frilled lizards
  5 kobolds
  11 rats
50 creatures vanquished.

Notes
Turn   | Place    | Note
-------+----------+-------------------------------------------
     0 | D:1      | siradein the Gargoyle Hunter began the quest for the Orb.
     0 | D:1      | Reached XP level 1. HP: 12/12 MP: 1/1
   364 | D:1      | Reached XP level 2. HP: 18/18 MP: 2/2
   524 | D:1      | Found a faded altar of an unknown god.
   877 | D:2      | Reached XP level 3. HP: 18/22 MP: 3/3
  1248 | D:2      | Reached XP level 4. HP: 27/28 MP: 4/4
  1915 | D:2      | Slain by a gnoll

Illustrated notes

Levels and vault maps discovered:
D:1:      onia_arrival_pyramid, layout_loops_corners,
          shapermc_ecumenical_altar_totnotflames, minmay_misc_feat_square
D:2:      layout_loops_ring, minmay_rat_gold_closets
D:3:      layout_loops_ring, hangedman_glass_teeth

Skill      XL: |  1  2  3 |
---------------+----------+-----
Dodging        | 2 |  2.5
Fighting       | 3 |  3.5
Crossbows      | |  4.7
Armour         | |  0.9
Stealth        | |  1.1

Action                   |  1- 3 |  4- 6 || total
-------------------------+-------+-------++-------
 Fire: Hand crossbow     |    83 |    59 ||   142
  Use: Potion            |       |     1 ||     1
Armor: Leather armour    |    22 |     6 ||    28
Dodge: Dodged            |    26 |    14 ||    40

Table legend: (Time is in decaauts)
 A = Elapsed time spent in this place.
 B = Non-inter-level travel time spent in this place.
 C = Inter-level travel time spent in this place.
 D = Time resting spent in this place.
 E = Time spent auto-exploring this place.
 F = Levels seen in this place.
 G = Mean time per level.
                   A        B        C        D        E       F      G
               +--------+--------+--------+--------+--------+-----+--------+
         Total |   1961 |   1935 |     26 |      0 |   1594 |   3 |  653.7 |
       Dungeon |   1961 |   1935 |     26 |      0 |   1594 |   3 |  653.7 |
               +--------+--------+--------+--------+--------+-----+--------+

Top non-repeatable levels by time:
     D:1: 883 daAuts
     D:2: 712 daAuts
     D:3: 365 daAuts
